 Dungeon Sprint DCSS version 0.24-a0-244-ga6a6ab7 (webtiles) character file.

Game seed: 13721182220026535666

3674 MikeHunt the Fighter (level 9, -7/86 HPs)
             Began as a Yellow Draconian Fire Elementalist on Apr 11, 2019.
             Was a High Priest of Vehumet.
             Mangled by a sixfirhy (12 damage)
             ... summoned by an orc high priest
             ... in the Dungeon (Sprint III: "The Ten Rune Challenge").
             The game lasted 00:12:23 (1489 turns).

MikeHunt the Fighter (DrFE)                         Turns: 1489, Time: 00:12:23

Health: -7/86      AC:  7    Str: 11    XL:     9   Next: 89%
Magic:  2/23       EV: 16    Int: 21    God:    Vehumet [*****.]
Gold:   4066       SH:  0    Dex: 11    Spells: 5/28 levels left

rFire    . . .     SeeInvis .   a - +2 long sword (holy)
rCold    . . .     Gourm    .   (no shield)
rNeg     . . .     Faith    .   (armour unavailable)
rPois    .         Spirit   .   (helmet restricted)
rElec    .         Reflect  .   (no cloak)
rCorr    +         Harm     .   (no gloves)
MR       .....     NoTele   +   (no boots)
Stlth    ++........             (no amulet)
HPRegen  0.24/turn              (no ring)
MPRegen  0.18/turn              (no ring)

@: lethally poisoned (-7 -> -23), short of breath, very slightly contaminated
A: spit acid, unfitting armour, clever 1, cold-blooded, subdued magic 1, acid
resistance, AC +7
a: Breathe Acid, Renounce Religion


You were in the Dungeon.
You worshipped Vehumet.
Vehumet was extremely pleased with you.
You were hungry.

You visited 1 branch You collected 4066 gold pieces.

Inventory:

Hand Weapons
 a - a +2 long sword of holy wrath (weapon)
 s - a +2 dagger of pain
Wands
 p - a wand of iceblast (7)
Scrolls
 g - a scroll of holy word {unknown}
 h - a scroll of blinking
 j - 4 scrolls of identify
 k - 4 scrolls of remove curse
 m - a scroll of immolation {unknown}
Potions
 d - a potion of heal wounds
 e - a potion of haste
 f - 2 potions of magic
 i - 2 potions of agility {unknown}
 l - 2 potions of flight
 n - 2 potions of might
 o - 3 potions of mutation
 q - a potion of berserk rage
Comestibles
 b - 3 rations
 r - a chunk of flesh {@w1}


   Skills:
 - Level 10.7 Fighting
 + Level 2.7 Short Blades
 - Level 9.3 Dodging
 - Level 1.7 Stealth
 - Level 10.0 Spellcasting
 - Level 10.2 Conjurations
 + Level 2.7 Necromancy
 - Level 10.5 Fire Magic
 + Level 2.7 Air Magic


You had 5 spell levels left.
You knew the following spells:

 Your Spells              Type           Power        Failure   Level  Hunger
d - Airstrike             Air            ###.......   5%          4    ##.....
e - Flame Tongue          Conj/Fire      #####        1%          1    None
f - Fireball              Conj/Fire      #####.....   1%          5    ####...
g - Bolt of Fire          Conj/Fire      #####.....   3%          6    ######.
r - Throw Flame           Conj/Fire      #####.       1%          2    None
t - Sticky Flame          Conj/Fire      #####...     1%          4    ##.....
z - Animate Skeleton      Necr           N/A          1%          1    None

Your spell library contained the following spells:

 Spells                   Type           Power        Failure   Level  Hunger
 Conjure Flame            Conj/Fire      #####...     1%          3    None
 Inner Flame              Hex/Fire       ####....     1%          3    None
 Apportation              Tloc           #.....       4%          1    None
 Confusing Touch          Hex            #.....       4%          1    None
 Summon Small Mammal      Summ           #...         4%          1    None
 Confuse                  Hex            #.......     16%         3    None
 Gell's Gravitas          Tloc           #.........   16%         3    None
 Yara's Violent Unravell  Hex/Tmut       #.........   36%         5    ####...
 Petrify                  Tmut/Erth      #.......     50%         4    ##.....
 Metabolic Englaciation   Hex/Ice        #.........   85%         5    ####...


Dungeon Overview and Level Annotations

Branches:
Dungeon (1/1)

Altars:
Cheibriados
Dithmenos
Elyvilon
Fedhas
Gozag
Hepliaklqana
Kikubaaqudgha
Makhleb
Nemelex Xobeh
Okawaru
Qazlal
Ru
Sif Muna
Trog
Uskayaw
Vehumet
Wu Jian
Xom
Yredelemnul
Zin
The Shining One
Beogh
Jiyva
Lugonu

Shops:
D %

Annotations:
D exclusion: door, Erolcha


Innate Abilities, Weirdness & Mutations

You can spit globs of acid.
Your golden yellow scales are hard. (AC +7)
You cannot fit into any form of body armour.
You are cold-blooded and may be slowed by cold attacks.
You are resistant to acid. (rCorr)
Your mind is acute. (Int +2)
Your spells are a little easier to cast, but a little less powerful.


Message History

You feel sick.
* * * LOW HITPOINT WARNING * * *
You feel sick.
Things that are here:
a +0 dagger; a +0 robe
* * * LOW HITPOINT WARNING * * *
You feel very sick.
The orc high priest utters an invocation to Beogh.
You see here a cursed +0 robe.
* * * LOW HITPOINT WARNING * * *
You feel sick.
There is an open door here.
You feel much better.
You feel sick. The sixfirhy hits you!
* * * LOW HITPOINT WARNING * * *
The sixfirhy shocks you!
* * * LOW HITPOINT WARNING * * *
The sixfirhy hits you.
* * * LOW HITPOINT WARNING * * *
The sixfirhy shocks you!
You die...

..#..#...#__.#._#.........##
..#..###'#'###)##..........#
#'#..#).....)...#........###
##...).⌠).)..)..#.)#.###.#
##...#.).######)#.##.# #..#
#.)..#.⌠.#__#...#'##############
.....#...#__#..)#.)..#.#.#.o)o.#
.....#'###_v#...##.#o.#.##.###.#
.....#.).#__#..[@##.#.#.##)#..##
#....#___#__+...#3).#.o#.o##..'O^
▓▓▓▓▓▓▓▓▓▓▓▓▓▓▓▓▓▓▓▓▓▓▓▓▓▓▓▓▓▓#^.
s^ ^ .


You could see a sixfirhy.

Vanquished Creatures
  An orc high priest (D)
  An orc knight (D)
  A deep elf mage (D)
  An orc sorcerer (D)
  A redback (D)
  A shadow (D)
  2 orc warriors (D)
  A necrophage (D)
  4 two-headed ogres (D)
  A water elemental (D)
  2 orc priests (D)
  A jelly (D)
  A wizard (D)
  Jessica (D)
  5 orc wizards (D)
  A necromancer (D)
  3 humans (D)
  A kobold demonologist (D)
  An ooze (D)
  A phantom (D)
  5 orcs (D)
  2 rats (D)
38 creatures vanquished.

Vanquished Creatures (others)
  2 draconian scorchers (D)
  6 hellions (D)
  A yaktaur (D)
  2 plants (D)
11 creatures vanquished.

Grand Total: 49 creatures vanquished

Notes
Turn   | Place    | Note
-------+----------+-------------------------------------------
     0 | D        | MikeHunt the Draconian Fire Elementalist began the quest
                  | for the Orb.
     0 | D        | Reached XP level 1. HP: 14/14 MP: 3/3
    77 | D        | Noticed Jessica
    80 | D        | Killed a hellion
    81 | D        | Killed a hellion
    85 | D        | Killed Jessica
    85 | D        | Reached XP level 2. HP: 20/20 MP: 2/7
    85 | D        | Reached XP level 3. HP: 26/26 MP: 2/9
    95 | D        | Killed a hellion
    99 | D        | Learned a level 2 spell: Throw Flame
   105 | D        | Killed a hellion
   105 | D        | Killed a hellion
   106 | D        | Killed a hellion
   149 | D        | Killed a white draconian scorcher
   195 | D        | Killed a white draconian scorcher
   206 | D        | Killed a yaktaur
   246 | D        | Reached skill level 5 in Spellcasting
   266 | D        | Gained mutation: Scrolls take you a little longer to read.
                  | [potion of mutation]
   266 | D        | Gained mutation: You are somewhat resistant to further
                  | mutation. [potion of mutation]
   267 | D        | Lost mutation: Scrolls take you a little longer to read.
                  | [potion of mutation]
   267 | D        | Lost mutation: You are somewhat resistant to further
                  | mutation. [potion of mutation]
   267 | D        | Gained mutation: Your spells are a little easier to cast,
                  | but a little less powerful. [potion of mutation]
   267 | D        | Gained mutation: Your mind is acute. (Int +2) [potion of
                  | mutation]
   273 | D        | Noticed a water elemental
   276 | D        | Killed a water elemental
   276 | D        | Reached skill level 5 in Fire Magic
   276 | D        | Reached XP level 4. HP: 33/33 MP: 6/11
   290 | D        | Learned a level 4 spell: Sticky Flame
   314 | D        | Found a basalt altar of Yredelemnul.
   314 | D        | Found a shadowy altar of Dithmenos.
   314 | D        | Found a sacrificial altar of Ru.
   314 | D        | Noticed a necrophage
   317 | D        | Killed a necrophage
   317 | D        | Reached XP level 5. HP: 33/38 MP: 5/14
   361 | D        | Learned a level 5 spell: Fireball
   409 | D        | Found a radiant altar of Vehumet.
   411 | D        | Found a deep blue altar of Sif Muna.
   411 | D        | Found an ancient bone altar of Kikubaaqudgha.
   423 | D        | Became a worshipper of Vehumet
   484 | D        | Found a hide-covered altar of Uskayaw.
   484 | D        | Found a roughly hewn altar of Beogh.
   484 | D        | Found an iron altar of Okawaru.
   484 | D        | Found a bloodstained altar of Trog.
   484 | D        | Found an ornate altar of the Wu Jian Council.
   484 | D        | Noticed a human
   484 | D        | Noticed a human
   520 | D        | Killed a human
   520 | D        | Reached XP level 6. HP: 45/45 MP: 1/17
   658 | D        | Noticed a deep elf mage
   659 | D        | Killed a human
   659 | D        | Your scales start taking on a golden yellow colour.
   659 | D        | Reached XP level 7. HP: 50/50 MP: 7/19
   659 | D        | Gained mutation: You are resistant to acid. (rCorr) [Yellow
                  | Draconian growth]
   666 | D        | Killed a deep elf mage
   666 | D        | Reached * piety under Vehumet
   666 | D        | Offered knowledge of Sandblast by Vehumet.
   666 | D        | Reached skill level 10 in Fire Magic
   687 | D        | Found a glowing silver altar of Zin.
   688 | D        | Found a glowing golden altar of the Shining One.
   688 | D        | Found a white marble altar of Elyvilon.
   774 | D        | Noticed a shadow
   779 | D        | Killed a shadow
   779 | D        | Reached skill level 10 in Spellcasting
   779 | D        | Reached skill level 10 in Conjurations
   779 | D        | Reached XP level 8. HP: 38/57 MP: 6/22
   872 | D        | Reached ** piety under Vehumet
   872 | D        | Offered knowledge of Sting by Vehumet.
   888 | D        | Noticed a two-headed ogre
   903 | D        | Killed a two-headed ogre
   910 | D        | Reached skill level 5 in Fighting
   972 | D        | Noticed an orc sorcerer
   980 | D        | Reached skill level 5 in Dodging
   981 | D        | Paralysed by an orc sorcerer for 4 turns
   982 | D        | Killed an orc sorcerer
   982 | D        | Reached *** piety under Vehumet
  1028 | D        | Noticed an orc knight
  1044 | D        | Killed an orc knight
  1044 | D        | Offered knowledge of Mephitic Cloud by Vehumet.
  1044 | D        | Reached XP level 9. HP: 44/82 MP: 11/23
  1173 | D        | Reached **** piety under Vehumet
  1183 | D        | Noticed an orc high priest
  1186 | D        | Offered knowledge of Olgreb's Toxic Radiance by Vehumet.
  1217 | D        | Learned a level 1 spell: Animate Skeleton
  1221 | D        | Found a blossoming altar of Fedhas.
  1222 | D        | Found a stormy altar of Qazlal.
  1224 | D        | Found a snail-covered altar of Cheibriados.
  1224 | D        | Found a burning altar of Makhleb.
  1229 | D        | Reached ***** piety under Vehumet
  1247 | D        | Found Xoej's Food Boutique.
  1250 | D        | Noticed an orc high priest
  1292 | D        | Killed an orc high priest
  1292 | D        | Reached skill level 10 in Fighting
  1348 | D        | Offered knowledge of Airstrike by Vehumet.
  1355 | D        | Learned a level 4 spell: Airstrike
  1372 | D        | Found a shimmering altar of Xom.
  1373 | D        | Found a hazy altar of Hepliaklqana.
  1373 | D        | Found an opulent altar of Gozag.
  1373 | D        | Found a sparkling altar of Nemelex Xobeh.
  1373 | D        | Found a corrupted altar of Lugonu.
  1373 | D        | Found a viscous altar of Jiyva.
  1448 | D        | Offered knowledge of Bolt of Fire by Vehumet.
  1456 | D        | Learned a level 6 spell: Bolt of Fire
  1465 | D        | Noticed a two-headed ogre
  1465 | D        | Noticed Erolcha
  1473 | D        | Noticed a sixfirhy
  1474 | D        | Killed a two-headed ogre
  1488 | D        | Noticed a sixfirhy
  1489 | D        | Mangled by a sixfirhy

Levels and vault maps discovered:
D:        dungeon_sprint_mu [sprint_mu_entry_cave, sprint_mu_temple_rooms,
          sprint_mu_d1_spiders, sprint_mu_d2_genie, sprint_mu_d3_branching,
          sprint_mu_orc_legion, sprint_mu_elf_gauntlet, sprint_mu_hive_nellie,
          sprint_mu_lair_fedhas, sprint_mu_vaults_butterflies,
          sprint_mu_slime_circle, sprint_mu_swamp_cave, sprint_mu_snake_twists,
          sprint_mu_blade_basic, sprint_mu_crypt_lich, sprint_mu_tomb_spiral,
          sprint_mu_vestibule_basic, sprint_mu_gehenna_hellfire,
          sprint_mu_dis_giant, sprint_mu_tartarus_statrot,
          sprint_mu_cocytus_islands, sprint_mu_zot1]

Skill      XL: |  1  2  3  4  5  6  7  8  9 |
---------------+----------------------------+-----
Spellcasting   | 4 5 6 8 10 | 10.0
Conjurations   | 2 4 6 8 10 | 10.2
Fire Magic     | 4 5 6 8 9 10 | 10.5
Fighting       | 8 10 | 10.7
Dodging        | 7 9 |  9.3
Short Blades   | 2 |  2.7
Necromancy     | 2 |  2.7
Air Magic      | 2 |  2.7
Stealth        | |  1.7

Action                   |  1- 3 |  4- 6 |  7- 9 || total
-------------------------+-------+-------+-------++-------
Melee: Unarmed           |    29 |     1 |       ||    30
       Tailslap          |     3 |       |     1 ||     4
       Long sword        |       |       |    16 ||    16
 Cast: Flame Tongue      |    12 |     5 |    15 ||    32
       Throw Flame       |     3 |     4 |    14 ||    21
       Sticky Flame      |       |     6 |    12 ||    18
       Fireball          |       |     1 |     7 ||     8
       Animate Skeleton  |       |       |     3 ||     3
       Bolt of Fire      |       |       |     2 ||     2
 Abil: Breathe Acid      |       |       |     7 ||     7
  Use: Potion            |     3 |       |     2 ||     5
 Stab: Sleeping          |     2 |       |       ||     2
  Eat: Ration            |       |       |     1 ||     1
       Chunk             |       |       |     3 ||     3
Armor: Skin              |     2 |     2 |     6 ||    10
Dodge: Dodged            |    21 |     3 |    26 ||    50
       Rpst.: Long sword |       |       |     4 ||     4

Table legend:
 A = Non-vault XP
 B = Vault XP
 C = Vault XP percentage of total XP
 D = Non-vault monster count
 E = Vault monster count
 F = Vault count percentage of total count
                 A         B        C        D         E       F
            +---------+---------+-------+---------+---------+-------
      Total |       0 |    5249 | 100.0 |       0 |      38 | 100.0
            +---------+---------+-------+---------+---------+-------
          D |       0 |    5249 | 100.0 |       0 |      38 | 100.0
            +---------+---------+-------+---------+---------+-------
